 Dungeon Crawl Stone Soup version 0.30.1-11-g7821555f0a (webtiles) character file.

Game seed: 6982644343665551093

25 Groucho the Shooter (level 2, -8/15 HPs)
             Began as a Spriggan Hunter on Nov 20, 2023.
             Killed from afar by Natasha (11 damage)
             ... with a magic dart
             ... on level 1 of the Dungeon.
             The game lasted 00:01:59 (968 turns).

Groucho the Shooter (Spriggan Hunter)                Turns: 968, Time: 00:01:59

Health: -8/15      AC:  2    Str:  7    XL:     2   Next: 86%
Magic:  3/3        EV: 18    Int: 10    God:
Gold:   65         SH:  0    Dex: 18    Spells: 1/1 levels left

rFire   . . .        a - +0 shortbow
rCold   . . .        (shield currently unavailable)
rNeg    . . .        c - +0 robe
rPois   .            (helmet restricted)
rElec   .            (no cloak)
rCorr   .            (gloves unavailable)
SInv    +            (boots unavailable)
Will    .....        (no amulet)
Stlth   ++           (no ring)
HPRegen 0.22/turn    (no ring)
MPRegen 0.08/turn

%: no passive effects
@: very quick
A: very small, no large weapons, unfitting armour, see invisible, speed 3
a: no special abilities


You were on level 1 of the Dungeon.
You visited 1 branch of the dungeon, and saw 2 of its levels.

You collected 65 gold pieces.

Inventory:

Hand Weapons
 a - a +0 shortbow (weapon)
 i - the +8 dagger of Midnight {holy, Str+2}
   (You found it on level 2 of the Dungeon)

   Str:       It affects your strength (+2).
Armour
 c - a +0 robe (worn)
Scrolls
 b - a scroll of immolation
 e - a scroll of identify {unknown}
 g - a scroll of teleportation {unknown}
 h - a scroll of enchant weapon {unknown}
Potions
 d - a potion of might {unknown}
 f - a potion of haste {unknown}


   Skills:
 + Level 1.9 Fighting
 + Level 0.0 Short Blades
 + Level 4.2 Ranged Weapons
 + Level 3.2 Dodging
 + Level 2.6 Stealth
 + Level 0.0 Spellcasting


You had one spell level left.
You didn't know any spells.
Your spell library was empty.

Dungeon Overview and Level Annotations

Branches:
Dungeon (2/15)

Altars:

Annotations:
D:1 Natasha


Innate Abilities, Weirdness & Mutations

You are very small and have problems with some larger weapons.
You are too small for most types of armour.
You have supernaturally acute eyesight. (SInv)
You cover ground extremely quickly. (Speed+++)


Message History

i - the +8 dagger of Midnight (weapon)
{holy, Str+2} You hit Natasha.
Natasha is moderately wounded.
Natasha wildly gestures.
Natasha's front paws start to glow.
Natasha casts a spell at you. The magic dart hits you!
Ouch! That really hurt!
There is an open door here.
There is an open door here.
Okay, then.
The +8 dagger of Midnight {holy, Str+2} stops glowing.
a - a +0 shortbow (weapon)
Natasha stares at you and mumbles some strange words.
You feel yourself slow down.
Fire: a) +0 shortbow
Press: ? - help, Q - select action Shift-Dir - straight line, f - Natasha
Aim: Natasha (moderately wounded, 56% to hit)
You shoot an arrow.
The arrow hits Natasha but does no damage.
Natasha is moderately wounded.
Unknown command.
Natasha growls.
Natasha stares at you and mumbles some strange words.
You resist with some effort.
Natasha howls an incantation.
Natasha's front paws start to glow.
Natasha casts a spell.
Natasha hisses.
Natasha stares at you and mumbles some strange words.
The magic dart hits you!
Ouch! That really hurt!
* * * LOW HITPOINT WARNING * * *
Things that are here:
a stone; a +0 short sword You feel yourself speed up.
Natasha casts a spell at you. The magic dart hits you!
Ouch! That really hurt!
You die...

#.#### #.# #.# #....
#...# #.# #.# #....
###.### #.####.##
##... #...#
#.......# ####
###.#######.#+######
#......(h........#
#########........#
###### #........#
#..... #@.......#
#..... #........#
#..... #........#
#..... #........#
#....8 #.......รท#
#..... #........##
#.....
#.........###...<.
#.................
############.....#


You could see Natasha.

Vanquished Creatures
  A dart slug (D:1)
  2 goblins (D:1)
  4 hobgoblins (D:1)
  3 jackals (D:1)
  2 kobolds (D:1)
  2 quokkas (D:1)
  2 bats (D:1)
  2 frilled lizards (D:1)
  3 rats (D:1)
21 creatures vanquished.

Notes
Turn   | Place    | Note
-------+----------+-------------------------------------------
     0 | D:1      | Groucho the Spriggan Hunter began the quest for the Orb.
     0 | D:1      | Reached XP level 1. HP: 10/10 MP: 2/2
    49 | D:1      | Reached XP level 2. HP: 10/15 MP: 3/3
   769 | D:2      | Identified the +8 dagger of Midnight {holy, Str+2}
   773 | D:2      | Noticed Natasha
   968 | D:1      | Killed from afar by Natasha

Illustrated notes

Levels and vault maps discovered:
D:1:      wander_arrival_peaceful_grave, layout_basic
D:2:      layout_loops_ring, minmay_pentomino_u2, uniq_natasha

Skill      XL: |  1 |
---------------+----+-----
Stealth        | 2 |  2.6
Dodging        | 3 |  3.2
Fighting       | |  1.9
Ranged Weapons | |  4.2

Action                     || total
---------------------------++-------
  Melee: Dagger            ||     1
   Fire: Shortbow          ||    54
 Armour: Robe              ||     5
  Dodge: Dodged            ||    16
